 Dungeon Crawl Stone Soup version 0.31-a0-1074-g0b22e4e0f1 (webtiles) character file.

Game seed: 18407952742346278024

1861 grandjackal the Demonic Child (level 8, -5/57 HPs)
             Began as a Demonspawn Gladiator on Nov 28, 2023.
             Was a Follower of Hepliaklqana.
             Slain by a gnoll
             ... wielding a +0 halberd
             ... led by a gnoll bouda
              (7 damage)
             ... on level 7 of the Dungeon.
             The game lasted 00:06:49 (4557 turns).

grandjackal the Demonic Child (DsGl)                Turns: 4557, Time: 00:06:50

Health: -5/57      AC:  3    Str: 15    XL:     8   Next: 89%
Magic:  12/12      EV: 16    Int:  7    God:    Hepliaklqana [*.....]
Gold:   342        SH:  0    Dex: 22    Spells: 7/7 levels left

rFire   + . .        i - +2 long sword (elec)
rCold   . . .        (no shield)
rNeg    . . .        b - +0 leather armour
rPois   .            (helmet restricted)
rElec   .            (no cloak)
rCorr   .            (no gloves)
SInv    .            (no boots)
Will    .....        (no amulet)
Stlth   ++           q - ring of wizardry
HPRegen 0.29/turn    c - ring of Ujoa {rF+ Int-2 Dex+5}
MPRegen 0.26/turn

%: wizardry (x1)
@: no status effects
A: reduced essence, claws 2, hooves 1, horns 2, magic regeneration, demonic
magic 1
a: Renounce Religion, Recall Ancestor, Ancestor Identity


You were on level 7 of the Dungeon.
You worshipped Hepliaklqana.
Hepliaklqana was aware of your devotion.
You visited 2 branches of the dungeon, and saw 8 of its levels.

You collected 342 gold pieces.

Inventory:

Hand Weapons
 i - a +2 long sword of electrocution (weapon)
 j - a +2 short sword of freezing
 x - a +2 dagger of venom
Missiles
 d - 3 throwing nets (quivered)
 e - a javelin
Armour
 b - a +0 leather armour (worn)
 n - a +0 buckler of protection
Jewellery
 c - the ring of Ujoa (right claw) {rF+ Int-2 Dex+5}
   (You found it on level 4 of the Dungeon)

   [ring of protection from fire]

   Int-2:     It affects your intelligence (-2).
   Dex+5:     It affects your dexterity (+5).
   rF+:       It protects you from fire.
 q - a ring of wizardry (left claw)
 v - a ring of poison resistance
Wands
 r - a wand of iceblast (16)
Scrolls
 a - a scroll of acquirement {unknown}
 f - 2 scrolls of immolation {unknown}
 g - 2 scrolls of blinking {unknown}
 m - 2 scrolls of brand weapon {unknown}
 o - 2 scrolls of noise {unknown}
 p - 2 scrolls of poison {unknown}
 s - 2 scrolls of fog {unknown}
 t - a scroll of fear {unknown}
 u - a scroll of teleportation {unknown}
 w - a scroll of vulnerability
Potions
 h - 2 potions of brilliance
 k - 4 potions of curing
 l - a potion of magic


   Skills:
 + Level 6.2 Fighting
 - Level 4.4 Long Blades
 - Level 2.0 Throwing
 + Level 6.0 Dodging
 + Level 3.7 Unarmed Combat
 + Level 6.5 Invocations


You had 7 spell levels left.
You didn't know any spells.
Your spell library contained the following spells:

 Spells                   Type           Power      Damage    Failure   Level
 Stone Arrow              Conj/Erth      0%         3d7       52%         3
 Animate Armour           Summ/Erth      0%         N/A       89%         4
 Lehudib's Crystal Spear  Conj/Erth      0%         10d2      100%        8


Dungeon Overview and Level Annotations

Branches:
Dungeon (7/15)             Temple (1/1) D:4

Altars:
Ashenzari
Cheibriados
Dithmenos
Fedhas
Hepliaklqana
Kikubaaqudgha
Nemelex Xobeh
Okawaru
Qazlal
Ru
Sif Muna
Trog
Uskayaw
Xom
Yredelemnul


Innate Abilities, Weirdness & Mutations

Your life essence is reduced to manifest your ancestor. (-10% HP)
You have very sharp fingernails.
You have large cloven feet.
You have a pair of horns on your head.
You regenerate magic rapidly.
Spells you cast may paralyse adjacent enemies.


Message History

a +0 war axe; an orc corpse You see here a +0 buckler of protection.
n - a +0 buckler of protection You start resting.
A gnoll bouda is nearby!
You swap places.
A gnoll comes into view. It is wielding a +0 halberd.
The gnoll bouda barks out a call to the hunt!
The gnoll picks up the pace!
The gnoll shouts!
You hear a shout! x2
You see here a +0 dagger.
The gnoll bouda barks out a call to the hunt!
The gnoll picks up the pace!
Sofian hits the gnoll bouda.
A gnoll comes into view. It is wielding a +0 spear.
The gnoll completely misses you.
The gnoll bouda hits you with a +0 whip.
Items here: ) †††.
You hit the gnoll bouda.
You headbutt the gnoll bouda, but do no damage.
The gnoll bouda is moderately wounded.
Sofian hits the gnoll bouda.
The gnoll barely misses you.
The gnoll bouda barks out a call to the hunt!
The gnoll picks up the pace!
The gnoll barely misses you.
Sofian misses the gnoll bouda.
You hit the gnoll bouda but do no damage.
You kick the gnoll bouda, but do no damage.
Your headbutt misses the gnoll bouda.
The gnoll bouda is moderately wounded.
A jelly comes into view.
The gnoll bouda hits you with a +0 whip!
* * * LOW HITPOINT WARNING * * *
Sofian hits the gnoll bouda.
The gnoll hits you with a +0 halberd!
* * * LOW HITPOINT WARNING * * *
You slash the gnoll bouda!
You kill the gnoll bouda!
The gnoll barely misses you.
Unknown command.
The gnoll hits you from afar with a +0 halberd!
You die...

..............####.#
.##.###.####........
.##.###.####.#####.#
.............#
###.## .#.
...#####.....# #....
.... #..# ####.##
#.#.# ..#### ..# #.#
#.#.##...... .## #.#
#.........##
#.####@..#.......
#JgggR.......#.#
#.####.).......#
g.......#
#.........#
...⌠.%###
#.........# .....#
#..##.$.### g⌠..#
#..# ...# ...# #..#
#.## ### #... ..


You could see the friendly Sofian the ancestor, a jelly and 3 gnolls.

Vanquished Creatures
  2 steam dragons (D:7)
  3 black bears (D:5)
  An ogre (D:6)
  4 scorpions
  3 killer bees (D:7)
  An orc priest (D:7)
  2 hounds
  A gnoll bouda (D:7)
  A sleepcap (D:5)
  2 iguanas (D:5)
  7 adders
  6 gnolls
  A white imp (D:7)
  2 ufetubi (D:5)
  3 dart slugs
  11 orcs
  3 bats
  5 endoplasms
  A giant cockroach (D:1)
  4 goblins
  4 hobgoblins
  2 jackals (D:2)
  7 kobolds
  6 quokkas
  5 ball pythons
  2 frilled lizards
  7 rats
96 creatures vanquished.

Vanquished Creatures (collateral kills)
  A steam dragon (D:7)
  An ice beast (D:6)
  2 ogres
  A killer bee (D:7)
  An orc wizard (D:5)
  An orc (D:7)
7 creatures vanquished.

Vanquished Creatures (others)
  An iguana (D:7)
1 creature vanquished.

Grand Total: 104 creatures vanquished

Notes
Turn   | Place    | Note
-------+----------+-------------------------------------------
     0 | D:1      | grandjackal the Demonspawn Gladiator began the quest for
                  | the Orb.
     0 | D:1      | Reached XP level 1. HP: 16/16 MP: 1/1
   102 | D:1      | Gained mutation: You regenerate magic rapidly. [demonic
                  | ancestry]
   102 | D:1      | Reached XP level 2. HP: 15/22 MP: 2/2
   365 | D:1      | Discovered your monstrous ancestry.
   365 | D:1      | Gained mutation: You have large cloven feet. [demonic
                  | ancestry]
   365 | D:1      | Reached XP level 3. HP: 28/28 MP: 3/3
   913 | D:2      | Found a faded altar of an unknown god.
  1183 | D:2      | Gained mutation: Spells you cast may paralyse adjacent
                  | enemies. [demonic ancestry]
  1183 | D:2      | Reached XP level 4. HP: 30/35 MP: 4/4
  2501 | D:3      | Found an iron altar of Okawaru.
  2503 | D:3      | Found a blossoming altar of Fedhas.
  2503 | D:3      | Found a burning altar of Makhleb.
  2505 | D:3      | Found a shimmering altar of Xom.
  2505 | D:3      | Found a shadowy altar of Dithmenos.
  2564 | D:3      | Gained mutation: You have a pair of small horns on your
                  | head. [demonic ancestry]
  2564 | D:3      | Reached XP level 5. HP: 38/41 MP: 5/5
  2766 | D:4      | Found a staircase to the Ecumenical Temple.
  2783 | Temple   | Entered the Ecumenical Temple
  2815 | Temple   | Became a worshipper of Hepliaklqana the Forgotten
  2937 | D:4      | Reached skill level 1 in Invocations
  2948 | D:4      | Identified the ring of Ujoa {rF+ Int-2 Dex+5}
  3005 | D:4      | Found a shimmering blue altar of Sif Muna.
  3011 | D:4      | Found a bloodstained altar of Trog.
  3217 | D:5      | Entered Level 5 of the Dungeon
  3269 | D:5      | Found a sacrificial altar of Ru.
  3269 | D:5      | Noticed a black bear
  3278 | D:5      | Killed a black bear
  3279 | D:5      | Gained mutation: You have a pair of horns on your head.
                  | [demonic ancestry]
  3279 | D:5      | Reached XP level 6. HP: 31/48 MP: 5/7
  3463 | D:5      | Found a sparkling altar of Nemelex Xobeh.
  3517 | D:5      | Gained mutation: You have sharp fingernails. [demonic
                  | ancestry]
  3517 | D:5      | Reached XP level 7. HP: 55/55 MP: 9/9
  3521 | D:5      | Identified the +4 war axe of Grim Offence {venom, rC++
                  | rCorr}
  3590 | D:5      | Reached * piety under Hepliaklqana
  3698 | D:5      | Reached skill level 1 in Unarmed Combat
  4070 | D:5      | Reached skill level 5 in Fighting
  4070 | D:5      | Reached skill level 5 in Dodging
  4190 | D:6      | Gained mutation: You have very sharp fingernails. [demonic
                  | ancestry]
  4190 | D:6      | Reached XP level 8. HP: 55/55 MP: 11/11
  4192 | D:6      | Reached skill level 5 in Invocations
  4267 | D:6      | You fall into a shaft and drop 1 floor!
  4316 | D:7      | HP: 2/56 [steam dragon (8)]
  4555 | D:7      | HP: 1/57 [gnoll/+0 halberd[a gnoll bouda] (10)]
  4557 | D:7      | Slain by a gnoll

Illustrated notes

Levels and vault maps discovered:
D:1:      lightli_iron_boxes, layout_rooms, minmay_heptomino_d4
D:2:      layout_basic, ebering_ecumenical_altar_rust
D:3:      layout_basic, doesnt_xom_only_xom, wad_orctagon
D:4:      layout_rooms, hellmonk_overflow_destroyed_library,
          minmay_temple_entry_grid
D:5:      layout_basic, nicolae_ru_awakened_eye, lemuel_round_altar
D:6:      layout_basic, nicolae_overflow_hidden_temple, uniq_duvessa
D:7:      layout_loops_ring, grunt_ministairs_9, kennysheep_decorative_pillar,
          st_stairs_13, minmay_diced_spiral
Temple:   oiseaux_autumnal_temple

Skill      XL: |  1  2  3  4  5  6  7  8 |
---------------+-------------------------+-----
Throwing       | 2 |  2.0
Dodging        | 3 4 5 6 |  6.0
Long Blades    | 3 4 |  4.4
Fighting       | 3 4 5 6 |  6.2
Invocations    | 2 3 4 6 |  6.5
Unarmed Combat | 2 3 |  3.7

Action                     |  1- 3 |  4- 6 |  7- 9 || total
---------------------------+-------+-------+-------++-------
  Melee: Long sword        |   108 |    92 |    69 ||   269
         Kick              |     8 |    23 |    22 ||    53
         Headbutt          |       |     7 |    12 ||    19
         Punch             |       |     1 |     1 ||     2
  Throw: Throwing net      |       |     1 |       ||     1
 Invoke: Recall Ancestor   |       |       |     1 ||     1
    Use: Scroll            |       |     4 |     1 ||     5
         Potion            |       |       |     1 ||     1
   Stab: Sleeping          |     1 |       |     4 ||     5
         Distracted        |     1 |       |       ||     1
 Armour: Leather armour    |    60 |    79 |    60 ||   199
  Dodge: Dodged            |    72 |    98 |    65 ||   235

Table legend: (Time is in decaauts)
 A = Elapsed time spent in this place.
 B = Non-inter-level travel time spent in this place.
 C = Inter-level travel time spent in this place.
 D = Time resting spent in this place.
 E = Time spent auto-exploring this place.
 F = Levels seen in this place.
 G = Mean time per level.
                   A        B        C        D        E       F      G
               +--------+--------+--------+--------+--------+-----+--------+
         Total |   4620 |   4429 |    191 |    776 |   2794 |   8 |  577.5 |
       Dungeon |   4555 |   4425 |    130 |    776 |   2794 |   7 |  650.7 |
        Temple |     64 |      3 |     61 |      0 |      0 |   1 |   64.0 |
               +--------+--------+--------+--------+--------+-----+--------+

Top non-repeatable levels by time:
     D:2: 1138 daAuts
     D:3: 939 daAuts
     D:5: 884 daAuts
     D:1: 660 daAuts
     D:4: 461 daAuts
     D:7: 294 daAuts
     D:6: 176 daAuts
  Temple: 64 daAuts
